 Dungeon Sprint DCSS version 0.19.5 (webtiles) character file.

58 equalderp2856 the Scratcher (level 3, -6/18 HPs)
             Began as a Felid Fighter on Mar 10, 2017.
             Was an Initiate of Gozag.
             Killed from afar by a deep elf mage (24 damage)
             ... with a shard of ice
             ... in the Dungeon (Sprint VII: "The Pits").
             The game lasted 00:01:18 (523 turns).

equalderp2856 the Scratcher (Felid Fighter)          Turns: 523, Time: 00:01:48

Health: -6/18      AC:  1    Str: 13    XL:     3   Next: 76%
Magic:  4/4        EV: 21    Int:  9    God:    Gozag
Gold:   441        SH:  0    Dex: 15    Spells: 0 memorised, 2 levels left
                                        Lives:  0   Deaths: 0

rFire  . . .     SeeInvis +       - Unarmed
rCold  . . .     Gourm    .     (armour unavailable)
rNeg   . . .     Faith    .     (shield unavailable)
rPois  .         Spirit   .     (helmet unavailable)
rElec  .         Reflect  .     (cloak unavailable)
rCorr  .         Harm     .     (gloves unavailable)
MR     .....     NoTele   +     (boots unavailable)
Stlth  ++........               (no amulet)
                                (no ring)
                                (no ring)

@: quick
A: no armour, no weapons or thrown items, stealth, claws 1, fangs 3, see
invisible, carnivore 3, speed 1, shaggy fur 1, slow metabolism 1, sharp paws
a: Potion Petition, Call Merchant, Bribe Branch, Renounce Religion


You were in the Dungeon.
You worshipped Gozag.
Gozag was aware of your devotion.
You were not hungry.

You visited 1 branch You collected 441 gold pieces.

Inventory:

Scrolls
 h - a scroll of blinking
 j - 3 scrolls of remove curse
 k - 5 scrolls of amnesia
 l - a scroll of summoning
Potions
 a - a potion of might
 c - 5 potions of curing
 d - 6 potions of heal wounds
 e - a potion of haste
 f - 4 potions of magic
 g - 3 potions of berserk rage
 i - 2 potions of invisibility
Comestibles
 b - 8 meat rations


   Skills:
 + Level 4.5 Fighting
 + Level 5.9 Dodging
 + Level 1.1 Stealth
 + Level 6.9 Unarmed Combat


You had 2 spell levels left.
You didn't know any spells.

Dungeon Overview and Level Annotations

Branches:
Dungeon (1/1)

Altars:
Ashenzari
Cheibriados
Dithmenos
Elyvilon
Fedhas
Gozag
Hepliaklqana
Kikubaaqudgha
Makhleb
Nemelex Xobeh
Okawaru
Qazlal
Ru
Sif Muna
Trog
Uskayaw
Vehumet
Xom
Yredelemnul
Zin
The Shining One
Beogh
Jiyva
Lugonu


Innate Abilities, Weirdness & Mutations

You cannot wear armour.
You are incapable of wielding weapons or throwing items.
Your paws allow you to move quietly. (Stealth)
You have sharp claws.
You have razor-sharp teeth.
You have supernaturally acute eyesight. (SInv)
You are carnivorous and can eat meat at any time.
You cover ground quickly.
You are covered in fur. (AC +1)
You have a slow metabolism.
Your sharp claws are effective at attacking unaware monsters.


Message History

You see here a +2 hand axe of freezing.
You see here a +2 quarterstaff of speed.
You see here a +2 plate armour.
There is an open door here.
There is an open door, spattered with blood here.
There is an open door here.
You see here a club.
There is an open door here.
You open the door.
There is an open door here.
You open the door.
A deep elf mage comes into view. It is wielding a short sword.
A worker ant, a quasit, an iron imp and a zombie come into view.
The deep elf mage shouts!
The iron imp shouts!
The iron imp moves out of view.
The deep elf mage gestures at you while chanting.
The shard of ice hits you!
Ouch! That really hurt!
You die...
Your body crumbles into a pile of gold.

#.#...#.#..##.....
#.#...#)#))#####'#
#.#...'.#))##.....
#.##'####))##.....
#.#.....#[[##.....
#.#.....#'###...<.
#.#........##.....
#.#........##.....
#@###########.....
#....Z..# ######
#.......#
#..e#...# #..##
.a# #... .# #... #
#.5..


You could see a deep elf mage, a worker ant, a quasit (wandering) and a bat
zombie.

Vanquished Creatures
  A worker ant (D)
  A mummy (D)
  A gnoll (D)
  A river rat (D)
  A bat zombie (D)
  A giant cockroach (D)
  A hobgoblin (D)
  A kobold (D)
  A rat (D)
9 creatures vanquished.

Notes
Turn   | Place    | Note
-------+----------+-------------------------------------------
     0 | D        | equalderp2856 the Felid Fighter began the quest for the Orb.
     0 | D        | Reached XP level 1. HP: 10/10 MP: 2/2
    24 | D        | Reached skill level 5 in Unarmed Combat
    24 | D        | Reached XP level 2. HP: 7/14 MP: 3/3
    29 | D        | Found a radiant altar of Vehumet.
    29 | D        | Found a hide-covered altar of Uskayaw.
    29 | D        | Found an ancient bone altar of Kikubaaqudgha.
    29 | D        | Found a viscous altar of Jiyva.
    29 | D        | Found a hazy altar of Hepliaklqana.
    30 | D        | Found a bloodstained altar of Trog.
    30 | D        | Found a deep blue altar of Sif Muna.
    30 | D        | Found a sacrificial altar of Ru.
    30 | D        | Found a stormy altar of Qazlal.
    30 | D        | Found an iron altar of Okawaru.
    30 | D        | Found a sparkling altar of Nemelex Xobeh.
    30 | D        | Found an opulent altar of Gozag.
    30 | D        | Found a blossoming altar of Fedhas.
    30 | D        | Found a white marble altar of Elyvilon.
    30 | D        | Found a shadowy altar of Dithmenos.
    30 | D        | Found a snail-covered altar of Cheibriados.
    31 | D        | Found a glowing golden altar of the Shining One.
    31 | D        | Found a glowing silver altar of Zin.
    32 | D        | Found a burning altar of Makhleb.
    32 | D        | Found a basalt altar of Yredelemnul.
    32 | D        | Found a roughly hewn altar of Beogh.
    33 | D        | Found a corrupted altar of Lugonu.
    33 | D        | Found a shimmering altar of Xom.
    33 | D        | Found a shattered altar of Ashenzari.
    36 | D        | Became a worshipper of Gozag Ym Sagoz the Greedy
   224 | D        | Reached skill level 5 in Dodging
   224 | D        | Reached skill level 6 in Unarmed Combat
   224 | D        | Reached XP level 3. HP: 6/18 MP: 4/4
   392 | D        | Reached skill level 1 in Stealth
   522 | D        | Noticed a deep elf mage
   523 | D        | Killed from afar by a deep elf mage

Skill      XL: |  1  2  3 |
---------------+----------+-----
Unarmed Combat | 5 6 |  6.9
Fighting       | 4 |  4.5
Dodging        | 5 |  5.9
Stealth        | 1 |  1.1

Action                   || total
-------------------------++-------
Melee: Unarmed           ||    34
       Bite              ||     5
       Punch             ||     2
  Use: Potion            ||     1
 Stab: Sleeping          ||     1
Armor: Skin              ||     1
Dodge: Dodged            ||    22
